Map: Temple gelé

Players

AggressiveTR - Winner!

  • Race: Zerg Zerg
  • League: Platinum
  • Spawn Location: 11:00

zidar

  • Race: Zerg Zerg
  • League: Platinum
  • Spawn Location: 5:00

VOD

Have the link to the VOD?

Description

Time

  • Played on: Oct. 20, 2016, 2:25 p.m.
  • Length: 6:34
Show
View Real Time Build Order
Export as new Build Order

AggressiveTR Zerg - Winner!

Build Orders: Pool First 

Get SALT Encoding   

  12  0:01  Drone  
  13  0:09  Drone  
  14  0:18  Overlord  
  14  0:25  Extractor  
  14  0:26  Drone  
  15  0:36  Drone x2  
  17  0:48  Spawning Pool  
  16  0:51  Drone  
  16  0:55  Drone  
  18  1:03  Extractor  
  17  1:17  Hatchery  
  16  1:21  Drone  
  17  1:35  Zergling x4  
  17  1:39  Zergling x2  
  20  1:40  Queen  
  22  1:49  Overlord  
  22  1:57  Extractor  
  22  2:16  Queen  
  22  2:18  Drone x2  
  26  2:32  Queen  
  26  2:35  Drone  
  26  2:36  Drone x2  
  30  2:40  Roach Warren  
  30  2:41  Drone  
  28  2:51  Spine Crawler  
  27  3:00  Spine Crawler, Zergling x2  
  27  3:02  Zergling x2  
  27  3:05  Zergling x2  
  29  3:24  Roach x3  
  35  3:28  Overlord  
  34  3:37  Roach  
  35  3:47  Roach x3  
  41  3:50  Roach  
  39  4:13  Overlord  
  39  4:18  Overlord  
  39  4:21  Overlord  
  39  4:22  Baneling Nest  
  38  4:30  Overlord  
  38  4:42  Roach  
  40  4:52  Hatchery  
  39  4:57  Zergling x4  
  42  5:00  Zergling x2  
  42  5:05  Zergling x2  
  43  5:10  Zergling x2  
  44  5:17  Zergling x2  
  45  5:27  Roach  
  45  5:28  Roach x2  
  51  5:33  Baneling  
  51  5:34  Baneling  
  51  5:36  Baneling x2  
  51  5:41  Roach  
  53  5:47  Roach  
  55  5:55  Roach  
  57  5:58  Roach  
  58  6:08  Roach  
Show
View Real Time Build Order
Export as new Build Order

zidar Zerg 

Build Orders: Pool First 

Get SALT Encoding   

  12  0:01  Drone  
  13  0:08  Drone  
  13  0:13  Extractor  
  13  0:15  Drone  
  14  0:36  Spawning Pool  
  14  0:39  Drone  
  14  0:49  Overlord  
  14  0:59  Overlord  
  14  1:23  Queen  
  16  1:26  Zergling x4  
  16  1:27  Zergling x2  
  19  1:38  Zergling x2  
  20  1:50  Zergling x2  
  21  2:03  Hatchery  
  21  2:05  Zergling x2  
  21  2:17  Zergling x2  
  21  2:18  Metabolic Boost  
  20  2:42  Queen  
  22  2:46  Zergling x6  
  22  2:47  Zergling x2  
  22  2:51  Zergling x2  
  27  3:02  Zergling x2  
  28  3:13  Overlord, Baneling Nest  
  27  3:30  Zergling x2  
  27  3:31  Zergling x4  
  25  4:04  Roach Warren  
  17  4:23  Queen  
  19  4:24  Extractor, Drone  
  19  4:25  Drone x3  
  19  4:26  Drone  
  23  4:41  Drone  
  23  4:43  Drone  
  24  5:06  Roach  
  26  5:07  Roach  
  26  5:11  Roach  
  30  5:18  Drone  
  30  5:21  Drone  
  32  5:35  Roach  
  34  5:40  Spine Crawler  
  33  5:52  Roach  
  33  5:55  Overlord  
Tags
 
Add a new tag
Caveats
  • Supply blocks, unpowered buildings, or Contaminate may cause inaccurate times.
  • Supply counts are checked every 10 seconds.